 Dungeon Crawl Stone Soup version 0.17.0-27-g4a3f43e (webtiles) character file.

208322 Ijustatesigmund the Bludgeoner (level 18, 0/166 HPs)
             Began as a Minotaur Gladiator on Nov 21, 2015.
             Was the Champion of Cheibriados.
             Killed by Olgreb's Toxic Radiance
             ... invoked by a naga ritualist
              (2 damage)
             ... on level 4 of the Snake Pit.
             The game lasted 02:35:41 (34722 turns).

Ijustatesigmund the Bludgeoner (MiGl)              Turns: 34722, Time: 02:35:43

Health: 0/166      AC: 29    Str: 43    XL:     18   Next: 50%
Magic:  35/35      EV: 16    Int: 23    God:    Cheibriados [******]
Gold:   599        SH: 16    Dex: 33    Spells: 2 memorised, 17 levels left

rFire  . . .     SeeInvis .     C - +12 mace of Cawkomul {crush, Dex+4}
rCold  + + .     Clarity  .     V - +3 plate armour {rPois}
rNeg   . . .     SustAt   .     B - +0 shield
rPois  +         Gourm    .     w - +2 hat {rC+}
rElec  +         Spirit   .     T - +2 cloak {rC+}
rCorr  .         Warding  .     (no gloves)
rMut   .         Stasis   .     X - +3 pair of boots of Salvation {rElec rPois MR- MP+9}
MR     .....                    O - amulet of regeneration
Stlth  ..........               L - ring of wizardry
                                n - +6 ring of strength

@: lethally poisoned (0 -> -94), constricted, very slow, not resistant to
hostile enchantments, extremely unstealthy
A: retaliatory headbutt, horns 2
a: Bend Time, Temporal Distortion, Slouch, Step From Time, Renounce Religion


You were on level 4 of the Snake Pit.
You worshipped Cheibriados.
Cheibriados was exalted by your worship.
You were not hungry.

You visited 5 branches of the dungeon, and saw 32 of its levels.
You visited 1 bazaar.
You also visited: Ice Cave.

You collected 3301 gold pieces.
You spent 2702 gold pieces at shops.

Inventory:

Hand Weapons
 C - the +12 mace of Cawkomul (weapon) {crush, Dex+4}
   (You took it off an orc on level 7 of the Dungeon)

   It inflicts extra damage upon your enemies.
   It affects your dexterity (+4).
 E - a +6 blowgun
Missiles
 l - 8 javelins (quivered)
 m - 186 poisoned needles
 r - 3 throwing nets
Armour
 w - a +2 hat of cold resistance (worn)
 B - a +0 shield (worn)
 T - a +2 cloak of cold resistance (worn)
 V - a +3 plate armour of poison resistance (worn)
 X - the +3 pair of boots of Salvation (worn) {rElec rPois MR- MP+9}
   (You acquired it on level 3 of the Lair of Beasts)

   It insulates you from electricity.
   It protects you from poison.
   It affects your resistance to hostile enchantments.
   It affects your magic capacity (+9).
Jewellery
 a - an uncursed ring of ice
 f - an uncursed ring of invisibility
 n - a +6 ring of strength (left hand)
 H - an uncursed ring of poison resistance
 J - an uncursed ring of positive energy {unknown}
 L - a ring of wizardry (right hand)
 O - an amulet of regeneration (around neck)
Wands
 q - a wand of cold (4)
 v - a wand of digging (12)
 x - a wand of polymorph (8)
 y - a wand of invisibility (6)
 A - a wand of teleportation (0)
 M - a wand of lightning (2)
 U - a wand of teleportation (6)
Scrolls
 c - 2 scrolls of immolation
 i - 7 scrolls of remove curse
 j - 11 scrolls of identify
 k - 8 scrolls of fog
 p - a scroll of enchant weapon
 t - 7 scrolls of recharging
 G - 6 scrolls of blinking
 I - 5 scrolls of teleportation
 K - 2 scrolls of silence
 R - 2 scrolls of enchant armour
 S - a scroll of fear
Potions
 b - 5 potions of flight
 g - 2 potions of invisibility
 o - a potion of resistance
 u - a potion of agility
 z - 6 potions of brilliance
 F - 2 potions of magic
 P - a potion of cancellation
 Y - a potion of might
Books
 d - a book of Clouds

   Spells                             Type                      Level
   a - Mephitic Cloud                 Conjuration/Poison/Air       3
   b - Conjure Flame                  Conjuration/Fire             3
   c - Poisonous Cloud                Conjuration/Poison/Air       6
   d - Freezing Cloud                 Conjuration/Ice/Air          6
   e - Ring of Flames                 Charms/Fire                  7
Miscellaneous
 s - a plain deck of summoning {the Elements}
 Q - a disc of storms
Comestibles
 e - 10 bread rations
 h - 7 meat rations
 N - 3 royal jellies


   Skills:
 + Level 16.1 Fighting
 + Level 16.2 Maces & Flails
 - Level 10.0 Throwing
 * Level 13.7 Armour
 - Level 9.6 Dodging
 - Level 4.0 Stealth
 - Level 10.0 Shields
 - Level 3.1 Spellcasting
 + Level 9.5 Translocations
 - Level 3.3 Transmutations
 - Level 13.2 Invocations
 - Level 8.1 Evocations


You had 17 spell levels left.
You knew the following spells:

 Your Spells              Type           Power        Failure   Level  Hunger
a - Beastly Appendage     Trmt           ###...       9%          1    None
b - Phase Shift           Tloc           #####.....   21%         5    ######.


Dungeon Overview and Level Annotations

Branches:
Dungeon (15/15)            Temple (1/1) D:7            Lair (8/8) D:11
 Shoals (0/4) Lair:6        Snake (4/4) Lair:6        Slime (0/6) Lair:6
    Orc (4/4) D:10            Elf (0/3) Orc:4        Vaults (0/5) D:13
 Depths (0/5) D:15

Altars:
Ashenzari
Cheibriados
Dithmenos
Elyvilon
Fedhas
Gozag
Kikubaaqudgha
Makhleb
Nemelex Xobeh
Okawaru
Qazlal
Ru
Sif Muna
Trog
Vehumet
Xom
Yredelemnul
Zin
The Shining One
Beogh
Jiyva

Shops:
D:10 *   D:14 (   Orc:2 *   Orc:3 *   Orc:4 [(?[   Snake:2 ?(!?}   Snake:3 [

Annotations:
D:2 1 runed door


Innate Abilities, Weirdness & Mutations

You reflexively headbutt those who attack you in melee.
You have a pair of horns on your head.


Message History

The naga ritualist barely misses you. The naga spits poison at you.
The splash of poison misses you.
The splash of poison hits the greater naga.
The greater naga appears unharmed.
The guardian serpent barely misses you. You furiously retaliate!
You headbutt the guardian serpent! You block the naga ritualist's attack.
The greater naga casts a spell at you. The poison arrow hits you!
You are more poisoned.
* * * LOW HITPOINT WARNING * * *
x2 The greater naga constricts you.
Drink which item? (? for menu, Esc to quit)
You feel strangely stable.
Your magical effects are unravelling.
You feel magically purged.
You feel yourself speed up.
You feel less vulnerable to poison.
* * * LOW HITPOINT WARNING * * *
You feel extremely sick.
You die...

# #.......≈≈...))).####### #
#......§§≈≈...)).#...... #
#....≈≈§§≈≈≈§....#.....= #
##..§≈≈≈§≈§≈≈§≈≈))##..... #
##).)≈§≈§≈≈≈≈≈§≈≈§..##.... #
##().≈≈≈########§≈≈[.†##... #
##§(≈≈≈###(.....###≈≈≈.†##.. #
##)(≈≈§##..NNN.....##≈§≈..##. #
##.(≈≈≈##.S..@S......##≈≈≈.§## #
##..≈.≈##....######....##§≈≈..#
###..≈≈≈##..N###N...###...##§§≈.)
##.§≈≈≈##...##..N....,##...##§§..
##..≈≈≈#...##..§§§≈≈≈,,##...#≈...
##'#####'..#.N§≈§§§≈≈≈,,#..[†.)..
#..##...#S##.§≈§§≈≈§≈≈≈,#########
#.##.....##§.≈≈§§≈§≈≈≈≈,,***,,,*#
#.#....kN.#S§§≈§§§§≈≈≈≈≈,**,,,,,#


You could see a greater naga, a naga sharpshooter, a naga ritualist, 2 guardian
serpents and a naga.

Vanquished Creatures
  Rupert (D:15)
  Gastronok (Lair:2)
  Wiglaf (Snake:3)
  7 greater nagas
  Donald (Snake:1)
  Maud (D:13)
  Aizul (Snake:3)
  Nessos (Orc:3)
  4 dire elephants (Lair:8)
  Snorg (Orc:1)
  4 vault guards (D:13)
  The ghost of BLOAX the Grappler, a journeyman TrMo of Cheibriados (Lair:2)
  A great orb of eyes (D:15)
  Fannar (D:12)
  8 hydras
  Harold (Orc:1)
  An ice dragon (Orc:1)
  21 naga warriors
  23 anacondas
  A catoblepas (Lair:3)
  Erica (Lair:2)
  3 centaur warriors
  A tengu warrior (D:15)
  A death yak (Lair:1)
  19 naga sharpshooters
  An ice devil (IceCv)
  7 salamander mystics
  4 shock serpents (Snake:4)
  7 orc high priests
  Nergalle (Orc:1)
  3 unseen horrors
  12 naga ritualists
  3 orc knights
  2 wolf spider zombies
  9 hill giants
  A griffon (D:15)
  4 lindwurms (Snake:4)
  A wizard (D:13)
  3 cyclopes
  An orc sorcerer (Orc:1)
  5 ugly things
  18 mana vipers
  2 manticores
  A water nymph (shapeshifter) (D:15)
  57 black mambas
  24 naga magi
  A siren (Lair:6)
  15 elephants
  Maurice (D:8)
  17 salamanders
  Joseph (Lair:1)
  2 ice statues (IceCv)
  A spiny frog (shapeshifter) (D:14)
  The ghost of Gorice the Cudgeler, a novice DsWn (D:6)
  9 guardian serpents
  11 spiny frogs
  10 komodo dragons
  3 fire drakes
  A tengu conjurer (D:15)
  4 polar bears
  A queen bee (Lair:7)
  3 merfolk (Lair:6)
  5 blue devils (IceCv)
  3 slime creatures (D:15)
  7 trolls
  A boulder beetle (D:14)
  28 blink frogs
  A spriggan (Lair:3)
  5 wraiths
  Sigmund (D:4)
  2 shadows (D:15)
  A two-headed ogre (D:15)
  3 deep elf magi
  A water elemental (D:15)
  3 wyverns
  74 yaks
  A hungry ghost (D:12)
  5 basilisks
  20 wargs
  12 vampire mosquitoes
  7 hippogriffs
  2 mottled dragons (D:13)
  10 wolves
  24 orc warriors
  46 nagas
  22 water moccasins
  A sky beast (shapeshifter) (D:15)
  Duvessa (D:4)
  2 sky beasts
  6 ice beasts
  12 ogres
  3 phantoms
  2 black bears
  14 porcupines
  2 necrophages
  4 wasps
  19 crocodiles
  18 centaurs
  A big kobold (D:8)
  21 giant frogs
  A gnoll sergeant (D:8)
  2 wyvern skeletons
  7 scorpions
  11 killer bees (Lair:7)
  Dowan (D:4)
  18 wights
  3 electric eels
  9 crimson imps
  3 giant frog zombies
  47 orc priests
  6 hounds
  A quasit (D:12)
  7 centaur zombies
  3 jellies
  37 orc wizards
  A human zombie (D:2)
  10 centaur skeletons
  3 giant frog skeletons
  Terence (D:2)
  Natasha (twice) (D:3)
  15 iguanas
  11 sheep
  13 worker ants
  3 hound skeletons
  10 gnolls
  A worker ant zombie (D:10)
  13 adders
  46 river rats
  5 shadow imps
  5 white imps (IceCv)
  9 ufetubi (IceCv)
  3 adder skeletons
  199 orcs
  3 ball pythons
  7 giant cockroaches
  3 goblins
  3 hobgoblins
  11 jackals
  13 kobolds
  5 quokkas
  5 bats
  7 giant geckos
  7 giant newts
  A goblin skeleton (D:2)
  2 jackal skeletons
  A quokka skeleton (D:4)
  10 rats
  2 bushes (Lair:7)
  6 plants
1335 creatures vanquished.

Vanquished Creatures (others)
  Mara (Snake:2)
  A guardian serpent (Snake:4)
  An orc priest (Orc:1)
  A white imp (IceCv)
  2 ufetubi (IceCv)
  An orc (D:11)
  18 fungi
  14 plants
39 creatures vanquished.

Grand Total: 1374 creatures vanquished

Notes
Turn   | Place    | Note
--------------------------------------------------------------
     0 | D:1      | Ijustatesigmund the Minotaur Gladiator began the quest for the Orb.
     0 | D:1      | Reached XP level 1. HP: 18/18 MP: 0/0
   358 | D:1      | Reached skill level 4 in Maces & Flails
   440 | D:1      | Reached XP level 2. HP: 25/25 MP: 1/1
   690 | D:2      | Noticed Terence
   703 | D:2      | Killed Terence
   703 | D:2      | Reached XP level 3. HP: 31/31 MP: 2/2
   730 | D:2      | Found a runed door.
   730 | D:2      | Noticed a human
   912 | D:2      | Reached skill level 5 in Maces & Flails
   912 | D:2      | Reached XP level 4. HP: 40/40 MP: 3/3
  1167 | D:2      | Found a basalt altar of Yredelemnul.
  1582 | D:3      | Reached XP level 5. HP: 45/47 MP: 4/4
  1629 | D:3      | Noticed Natasha
  1635 | D:3      | Killed Natasha
  1655 | D:3      | Found a burning altar of Makhleb.
  1662 | D:3      | Found a radiant altar of Vehumet.
  1663 | D:3      | Found a deep blue altar of Sif Muna.
  1664 | D:3      | Found a glowing golden altar of the Shining One.
  1667 | D:3      | Found a shattered altar of Ashenzari.
  1668 | D:3      | Reached skill level 5 in Fighting
  1865 | D:3      | Reached skill level 6 in Maces & Flails
  2147 | D:3      | Noticed Natasha
  2154 | D:3      | Killed Natasha
  2154 | D:3      | Reached XP level 6. HP: 41/57 MP: 5/5
  2302 | D:4      | Noticed Dowan
  2303 | D:4      | Noticed Duvessa
  2307 | D:4      | Killed Dowan
  2314 | D:4      | Reached skill level 1 in Armour
  2506 | D:4      | Noticed Sigmund
  2525 | D:4      | Killed Sigmund
  2525 | D:4      | Reached skill level 7 in Maces & Flails
  2525 | D:4      | Reached XP level 7. HP: 32/64 MP: 6/6
  2868 | D:4      | Killed Duvessa
  3381 | D:5      | Entered Level 5 of the Dungeon
  3844 | D:5      | Found a sparkling altar of Nemelex Xobeh.
  4280 | D:5      | Found a bloodstained altar of Trog.
  4616 | D:6      | Reached XP level 8. HP: 71/73 MP: 7/7
  4684 | D:6      | Reached skill level 8 in Maces & Flails
  5086 | D:6      | Reached skill level 5 in Armour
  5283 | D:6      | Noticed Gorice's ghost (novice DsWn)
  6071 | D:7      | Found a staircase to the Ecumenical Temple.
  6080 | Temple   | Entered the Ecumenical Temple
  6146 | Temple   | Became a worshipper of Cheibriados the Contemplative
  6342 | D:7      | Found an ancient bone altar of Kikubaaqudgha.
  6406 | D:7      | Got a steaming mace {crush}
  6407 | D:7      | Identified the +12 mace of Cawkomul {crush, Dex+4} (You took it off an orc on level 7 of the Dungeon)
  6605 | D:8      | Reached * piety under Cheibriados
  6704 | D:8      | Noticed Maurice
  6781 | D:8      | Reached skill level 9 in Maces & Flails
  6781 | D:8      | Reached XP level 9. HP: 56/82 MP: 8/8
  6789 | D:8      | Killed Maurice
  6824 | D:8      | Reached skill level 5 in Throwing
  7175 | D:8      | Found a sparkling altar of Nemelex Xobeh.
  7176 | D:8      | Found an opulent altar of Gozag.
  7245 | D:8      | Found a sacrificial altar of Ru.
  7310 | D:6      | Killed Gorice's ghost
  7310 | D:6      | Reached skill level 10 in Maces & Flails
  7391 | D:6      | Reached ** piety under Cheibriados
  7761 | D:9      | Found an iron altar of Okawaru.
  8139 | D:9      | Reached skill level 10 in Fighting
  8139 | D:9      | Reached XP level 10. HP: 82/93 MP: 9/9
  8142 | D:9      | Learned a level 1 spell: Beastly Appendage
  8349 | D:9      | Reached skill level 1 in Invocations
  8712 | D:9      | Reached *** piety under Cheibriados
  8868 | D:10     | Entered Level 10 of the Dungeon
  8879 | D:10     | Found a staircase to the Orcish Mines.
  9137 | D:10     | Found Winaj's General Store.
  9145 | D:10     | Bought a scroll of teleportation for 48 gold pieces
  9168 | D:10     | Reached skill level 5 in Invocations
  9402 | D:10     | Noticed a hill giant
  9408 | D:10     | Killed a hill giant
  9507 | D:10     | Reached skill level 1 in Transmutations
  9634 | D:11     | Reached **** piety under Cheibriados
  9821 | D:11     | Reached XP level 11. HP: 39/99 MP: 15/15
 10154 | D:11     | Noticed a cyan ugly thing
 10165 | D:11     | Killed a cyan ugly thing
 10430 | D:11     | Found a staircase to the Lair.
 10485 | D:11     | Noticed a purple ugly thing
 10493 | D:11     | Killed a purple ugly thing
 10495 | D:11     | Reached ***** piety under Cheibriados
 10742 | D:11     | Reached skill level 5 in Dodging
 10917 | D:11     | Reached skill level 11 in Maces & Flails
 11403 | D:12     | Noticed a hill giant
 11446 | Lair:1   | Entered Level 1 of the Lair of Beasts
 11550 | Lair:1   | Noticed a death yak
 11560 | Lair:1   | Killed a death yak
 11941 | Lair:1   | Noticed Joseph
 11951 | Lair:1   | Killed Joseph
 12136 | Lair:1   | Reached skill level 12 in Maces & Flails
 12136 | Lair:1   | Reached XP level 12. HP: 111/111 MP: 17/17
 12155 | Lair:1   | Reached skill level 1 in Evocations
 12554 | Lair:1   | Reached ****** piety under Cheibriados
 12659 | Lair:2   | Noticed Gastronok
 12775 | D:12     | Noticed Fannar
 12790 | D:12     | Killed Fannar
 13122 | D:12     | Killed a hill giant
 13424 | D:12     | Noticed a centaur warrior
 13429 | D:12     | Killed a centaur warrior
 13922 | D:13     | Reached skill level 13 in Maces & Flails
 14034 | D:13     | Found a gate to the Vaults.
 14034 | D:13     | Noticed a vault guard
 14034 | D:13     | Noticed a vault guard
 14034 | D:13     | Noticed a vault guard
 14035 | D:13     | Noticed a vault guard
 14042 | D:13     | Killed a vault guard
 14382 | Orc:1    | Entered Level 1 of the Orcish Mines
 14388 | Orc:1    | Found a roughly hewn altar of Beogh.
 14390 | Orc:1    | Noticed Harold
 14402 | Orc:1    | Killed Harold
 14402 | Orc:1    | Reached XP level 13. HP: 71/122 MP: 19/19
 14463 | Orc:1    | Reached skill level 5 in Evocations
 14498 | Orc:1    | Noticed Nergalle
 14512 | Orc:1    | Killed Nergalle
 14526 | Orc:1    | Noticed Snorg
 14536 | Orc:1    | Killed Snorg
 14546 | Orc:1    | Found a frozen archway.
 14549 | Orc:1    | Noticed an ice dragon
 14560 | Orc:1    | Killed an ice dragon
 14560 | Orc:1    | Reached skill level 10 in Invocations
 14569 | IceCv    | Entered an ice cave
 15342 | Orc:2    | Found Jemuraoth's Assorted Antiques.
 15518 | Orc:2    | Bought a scroll labeled SAMOAT AVISTRITZ for 33 gold pieces
 15518 | Orc:2    | Bought a bubbling amethyst potion for 29 gold pieces
 16415 | Orc:3    | Found Onowkioh's General Store.
 16422 | Orc:3    | Found a burning altar of Makhleb.
 16424 | Orc:3    | Bought a scroll of teleportation for 48 gold pieces
 16424 | Orc:3    | Bought a scroll of teleportation for 48 gold pieces
 16424 | Orc:3    | Bought a scroll of recharging for 152 gold pieces
 16427 | Orc:3    | Noticed Nessos
 16433 | Orc:3    | Killed Nessos
 16433 | Orc:3    | Reached skill level 14 in Maces & Flails
 16745 | Orc:4    | Entered Level 4 of the Orcish Mines
 16774 | Orc:4    | Found a staircase to the Elven Halls.
 17349 | Orc:4    | Found a roughly hewn altar of Beogh.
 17421 | Orc:4    | Found Roasch's Magic Scroll Shoppe.
 17421 | Orc:4    | Found Aguugg's Antique Armour Boutique.
 17426 | Orc:4    | Bought a scroll of fog for 24 gold pieces
 17426 | Orc:4    | Bought a scroll of identify for 24 gold pieces
 17426 | Orc:4    | Bought a scroll of identify for 24 gold pieces
 17426 | Orc:4    | Bought a scroll of identify for 24 gold pieces
 17563 | Orc:4    | Found Dus Terilak's Antique Armour Shoppe.
 17563 | Orc:4    | Found Jeps's Weapon Boutique.
 17568 | Orc:4    | Bought a shimmering chain mail for 256 gold pieces
 17578 | Orc:4    | Identified the cursed +0 chain mail of the Pleiades {Int+6 Dex+3} (You bought it in a shop on level 4 of the Orcish Mines)
 17578 | Orc:4    | Bought a black opal-encrusted scale mail for 243 gold pieces
 17589 | Orc:4    | Identified the +2 scale mail of the Spheres {Int+2} (You bought it in a shop on level 4 of the Orcish Mines)
 17985 | D:13     | Killed a vault guard
 18111 | D:13     | Killed a vault guard
 18111 | D:13     | Reached XP level 14. HP: 92/133 MP: 21/21
 18232 | D:13     | Noticed Maud
 18243 | D:13     | Killed Maud
 18254 | D:13     | Killed a vault guard
 18419 | D:13     | Found a roughly hewn altar of Beogh.
 18559 | D:14     | Found Miggiut's Weapon Shoppe.
 18819 | D:14     | Reached skill level 1 in Shields
 18831 | D:14     | Found a glowing silver altar of Zin.
 19539 | D:15     | Entered Level 15 of the Dungeon
 19543 | D:15     | Reached skill level 5 in Shields
 19821 | D:15     | Noticed Rupert
 19822 | D:15     | Paralysed by a great orb of eyes for 5 turns
 19824 | D:15     | Gained mutation: Scrolls take you a little longer to read. [a shining eye]
 19832 | D:15     | Killed Rupert
 19839 | D:15     | Reached skill level 10 in Shields
 19862 | D:15     | Found a flickering gateway to a bazaar.
 19868 | Bazaar   | Entered a bazaar
 19896 | Bazaar   | Found Zikucsig's Weapon Emporium.
 19911 | Bazaar   | Found Xiulup's General Store.
 19985 | Bazaar   | Bought a wand of teleportation (5) for 270 gold pieces
 19985 | Bazaar   | Bought a scroll of magic mapping for 35 gold pieces
 19985 | Bazaar   | Bought a scroll of magic mapping for 35 gold pieces
 20009 | Bazaar   | Bought a +5 blowgun for 206 gold pieces
 20181 | D:15     | Found a staircase to the Depths.
 20717 | Lair:2   | Noticed BLOAX's ghost (journeyman TrMo)
 20724 | Lair:2   | Killed BLOAX's ghost
 20735 | Lair:2   | Noticed Erica
 20755 | Lair:2   | Killed Erica
 20755 | Lair:2   | Reached XP level 15. HP: 119/139 MP: 22/22
 20851 | Lair:2   | Killed Gastronok
 21940 | Lair:3   | Identified a scroll of acquirement
 21942 | Lair:3   | Got a pair of spiked boots
 21948 | Lair:3   | Identified the +3 pair of boots of Salvation {rElec rPois MR- MP+9} (You acquired it on level 3 of the Lair of Beasts)
 22922 | Lair:4   | Got a steaming leather armour
 22933 | Lair:4   | Identified the +0 leather armour of Watchfulness {*Contam rPois Str+2} (You found it on level 4 of the Lair of Beasts)
 23670 | Lair:5   | Got a faintly glowing long sword
 23671 | Lair:5   | Identified the +1 long sword of the Volcano {holy, +Rage rF+} (You found it on level 5 of the Lair of Beasts)
 24805 | Lair:6   | Found a staircase to the Shoals.
 24984 | Lair:6   | Found a staircase to the Slime Pits.
 24984 | Lair:6   | Found a viscous altar of Jiyva.
 25007 | Lair:6   | Found a staircase to the Snake Pit.
 25031 | Lair:6   | Reached skill level 10 in Throwing
 25064 | Snake:1  | Entered Level 1 of the Snake Pit
 25080 | Snake:1  | Learned a level 5 spell: Phase Shift
 25094 | Snake:1  | Reached skill level 1 in Translocations
 25237 | Snake:1  | Noticed Donald
 25251 | Snake:1  | Killed Donald
 25565 | Snake:1  | Reached XP level 16. HP: 117/147 MP: 24/24
 26104 | Snake:1  | Reached skill level 5 in Translocations
 26422 | Snake:2  | Found Olei's Antique Weapon Boutique.
 26424 | Snake:2  | Found Demimud's Magic Scroll Shoppe.
 26433 | Snake:2  | Bought a scroll of acquirement for 728 gold pieces
 26433 | Snake:2  | Bought a scroll of identify for 28 gold pieces
 26433 | Snake:2  | Bought a scroll of identify for 28 gold pieces
 26433 | Snake:2  | Bought a scroll of immolation for 49 gold pieces
 26478 | Snake:2  | Reached skill level 1 in Stealth
 27257 | Snake:2  | Found Mibly's Gadget Shop.
 27265 | Snake:2  | Bought a disc of storms for 340 gold pieces
 27277 | Snake:2  | Found Xuzekkea's Magic Scroll Shop.
 27282 | Snake:2  | Found Doffexae's Distillery.
 27285 | Snake:2  | Bought a scroll of fog for 30 gold pieces
 27708 | Snake:3  | Noticed Mara
 27876 | Snake:2  | Killed Mara
 28090 | Snake:3  | Noticed Aizul
 28123 | Snake:3  | Killed Aizul
 28363 | Snake:2  | HP: 7/147 [poisoned by a naga ritualist (toxic radiance)]
 28368 | Snake:2  | HP: 7/147 [poisoned by a naga ritualist (toxic radiance)]
 28811 | Snake:3  | Reached XP level 17. HP: 66/154 MP: 24/25
 28990 | Snake:3  | Reached skill level 1 in Spellcasting
 29000 | Snake:3  | Found Kysiedgh's Antique Armour Shop.
 29077 | Snake:3  | Noticed Wiglaf
 29092 | Snake:3  | Killed Wiglaf
 29799 | Snake:4  | Entered Level 4 of the Snake Pit
 29903 | Snake:4  | Reached skill level 10 in Armour
 29914 | Snake:4  | Reached skill level 15 in Maces & Flails
 30246 | Snake:1  | Reached skill level 15 in Fighting
 31322 | Lair:8   | Entered Level 8 of the Lair of Beasts
 31724 | Lair:1   | Lost mutation: Scrolls take you a little longer to read. [potion of cure mutation]
 32684 | Lair:8   | Got an encrusted war axe
 32685 | Lair:8   | Identified the +9 war axe of Perfectionism {drain, *Confuse rN+ MR+ Dex+4 Stlth+} (You found it on level 8 of the Lair of Beasts)
 33767 | Snake:4  | Reached XP level 18. HP: 155/165 MP: 26/26
 33793 | Snake:4  | HP: 8/166 [greater naga/halberd of venom (7)]
 34145 | Snake:4  | Reached skill level 16 in Maces & Flails
 34722 | Snake:4  | HP: 2/166 [poisoned by a greater naga (poison arrow)]
 34722 | Snake:4  | Killed from afar by a naga ritualist

Action                   |  1- 3 |  4- 6 |  7- 9 | 10-12 | 13-15 | 16-18 || total
-------------------------+-------+-------+-------+-------+-------+-------++-------
Melee: Flail             |    60 |   115 |   180 |       |       |       ||   355
       Mace              |       |       |   114 |   373 |  1119 |   933 ||  2539
       War axe           |       |       |       |       |       |   101 ||   101
Throw: Throwing net      |     1 |     3 |       |     1 |     1 |     1 ||     7
       Javelin           |       |       |       |       |     9 |    52 ||    61
 Cast: Beastly Appendage |       |       |       |       |     2 |       ||     2
       Phase Shift       |       |       |       |       |       |     2 ||     2
Invok: Slouch            |       |       |       |     2 |    11 |    14 ||    27
       Step From Time    |       |       |       |       |       |     3 ||     3
 Abil: Evoke Invisibilit |       |       |       |       |     1 |     5 ||     6
       Evoke Teleportati |       |       |       |       |     1 |       ||     1
Evoke: Wand              |       |       |       |     4 |     8 |    11 ||    23
       Disc of storms    |       |       |       |       |       |     8 ||     8
  Use: Scroll            |     6 |     6 |     8 |    17 |    10 |     8 ||    55
       Potion            |       |     2 |     3 |     3 |     2 |     7 ||    17
 Stab: Invisible         |       |       |       |     6 |       |     5 ||    11
       Held in net/web   |       |       |       |       |       |     1 ||     1
  Eat: Chunk             |       |     5 |     9 |     8 |    24 |    11 ||    57
       Beef jerky        |       |       |     1 |     2 |       |     2 ||     5
       Bread ration      |       |       |     1 |       |       |       ||     1
       Royal jelly       |       |       |       |     1 |     3 |     2 ||     6
       Fruit             |       |       |       |       |     2 |     8 ||    10
       Meat ration       |       |       |       |       |       |     1 ||     1
       Pizza             |       |       |       |       |       |     2 ||     2
